 Dungeon Crawl Stone Soup version 0.23-a0-310-gdcc7a32 (webtiles) character file.

296 Mgcat the Caller (level 6, -1/37 HPs)
             Began as a Gargoyle Summoner on Oct 13, 2018.
             Was an Initiate of Okawaru.
             Slain by a gnoll
             ... wielding a +0 halberd
              (13 damage)
             ... on level 5 of the Dungeon.
             The game lasted 00:11:49 (5464 turns).

Mgcat the Caller (Gargoyle Summoner)                Turns: 5464, Time: 00:11:50

Health: -1/37      AC:  7    Str: 12    XL:     6   Next: 34%
Magic:  5/11       EV: 12    Int: 17    God:    Okawaru [......]
Gold:   278        SH:  0    Dex: 10    Spells: 2/12 levels left

rFire    . . .     SeeInvis .   k - +0 spear
rCold    . . .     Gourm    .   (no shield)
rNeg     + . .     Faith    +   a - +0 robe
rPois    ∞         Spirit   .   e - +0 helmet
rElec    +         Reflect  .   (no cloak)
rCorr    .         Harm     .   (no gloves)
MR       +....                  (no boots)
Stlth    ++........             h - amulet of faith {Faith, !P}
HPRegen  0.12/turn              i - ring of protection from magic {MR+, !d}
MPRegen  0.12/turn              (no ring)

@: no status effects
A: negative energy resistance 1, electricity resistance, unbreathing,
petrification resistance, rot immunity, AC +4
a: Renounce Religion


You were on level 5 of the Dungeon.
You worshipped Okawaru.
Okawaru was noncommittal.
You were very hungry.

You visited 1 branch of the dungeon, and saw 5 of its levels.

You collected 278 gold pieces.

Inventory:

Hand Weapons
 k - a +0 spear (weapon)
   (You found it on level 1 of the Dungeon)
Armour
 a - a +0 robe (worn)
 e - a +0 helmet (worn)
   (You found it on level 1 of the Dungeon)
 o - a +0 buckler
   (You found it on level 2 of the Dungeon)
Jewellery
 h - an amulet of faith (around neck) {Faith, !P}
   (You found it on level 4 of the Dungeon)
 i - a ring of protection from magic (left hand) {MR+, !d}
   (You found it on level 1 of the Dungeon)
Scrolls
 d - 8 scrolls of identify
 f - a scroll of blinking {unknown}
 g - 4 scrolls of remove curse {unknown}
 l - 3 scrolls of noise {unknown}
 m - a scroll of teleportation {unknown}
 n - a scroll of fear {unknown}
 r - a scroll of amnesia {unknown}
Potions
 b - a potion of cancellation {unknown}
 j - 2 potions of magic {unknown}
 q - 2 potions of invisibility {unknown}
 s - 2 potions of heal wounds {unknown}
 t - a potion of haste {unknown}
Comestibles
 c - 13 rations


   Skills:
 + Level 3.4 Fighting
 - Level 1.5 Dodging
 - Level 2.1 Stealth
 + Level 3.5 Spellcasting
 + Level 4.8 Summonings
 + Level 1.6 Ice Magic


You had 2 spell levels left.
You knew the following spells:

 Your Spells              Type           Power        Failure   Level  Hunger
a - Summon Small Mammal   Summ           ###.         2%          1    None
b - Call Imp              Summ           ###.....     3%          2    ##.....
c - Call Canine Familiar  Summ           ###.....     7%          3    ###....
d - Summon Ice Beast      Ice/Summ       ##......     41%         4    ####...

Your spell library contained the following spells:

 Spells                   Type           Power        Failure   Level  Hunger
 Summon Guardian Golem    Hex/Summ       ##......     19%         3    ###....
 Summon Lightning Spire   Summ/Air       ##......     52%         4    ####...


Dungeon Overview and Level Annotations

Branches:
Dungeon (5/15)
 Temple: D:4-7

Altars:
Cheibriados
Okawaru
Ru
Vehumet
Xom

Annotations:
D:2 Sigmund


Innate Abilities, Weirdness & Mutations

You are resistant to torment.
Your stone body is resilient. (AC +4)
You are immune to poison.
You resist negative energy. (rN+)
You are resistant to electric shocks. (rElec)
You can survive without breathing.
You are immune to petrification.
You are immune to rotting.


Message History

The hound skeleton is almost destroyed.
The hound skeleton bites you but does no damage.
Your hound bites the hound skeleton.
The hound skeleton is destroyed!
Okawaru accepts your kill.
No target in view!
No target in view!
Your iron imp disappears in a puff of smoke!
Found an escape hatch in the floor.
Your hound disappears in a puff of smoke!
c - 13 rations (gained 1)
You see here 27 stones.
You see here 27 stones.
There is an escape hatch in the ceiling here.
You see here a leather armour.
You are feeling hungry.
You can't memorise that many levels of magic yet!
You see here a flail of holy wrath.
You see here a dagger.
Done exploring.
Done exploring.
Done exploring.
Done exploring.
Done exploring.
(D) Dungeon
Where to? (Enter - D:4, ? - help)
What level of the Dungeon? (default 1, ? - help)
There is a stone staircase leading down here.
You climb downwards. 4 gnolls come into view.
A gnoll is wielding a spear of piercing.
The gnoll shouts! x3
There is a stone staircase leading up here.
Casting: Call Canine Familiar (safe; 7% risk of failure)
Confirm with . or Enter, or press ? or * to list all spells.
You are feeling very hungry.
A howler monkey comes into view.
Casting: Call Canine Familiar (safe; 7% risk of failure)
Confirm with . or Enter, or press ? or * to list all spells.
A beastly little devil appears in a puff of flame.
The gnoll misses you. The gnoll hits you.
You hit the gnoll but do no damage.
Your hound barely misses the gnoll.
The gnoll closely misses you.
Your hound closely misses the gnoll.
Your crimson imp hits the gnoll.
The gnoll closely misses you.
You hit the gnoll.
The gnoll is lightly wounded.
Your hound bites the gnoll.
The howler monkey hoots and howls with incredible vigour!
The gnoll closely misses you.
Your crimson imp hits the gnoll.
Your hound bites the gnoll.
The gnoll hits you from afar with a spear of piercing.
You hit the gnoll.
The gnoll is almost dead.
The gnoll hits you but does no damage.
Your hound completely misses the gnoll.
The gnoll misses you. The gnoll hits you but does no damage.
Your crimson imp completely misses the gnoll.
The gnoll barely misses you.
You hit the gnoll but do no damage.
The gnoll is almost dead.
Your hound bites the gnoll but does no damage.
The gnoll closely misses you. The gnoll hits you but does no damage.
The gnoll barely misses you.
Your crimson imp closely misses the gnoll.
Your hound bites the gnoll but does no damage.
The gnoll hits you from afar with a spear of piercing!
You are too injured to fight recklessly!
You hit the gnoll.
You kill the gnoll!
Okawaru accepts your kill.
Your hound bites the gnoll.
The gnoll barely misses you.
Your crimson imp blinks!
The gnoll hits your hound. The gnoll barely misses you.
The howler monkey misses you.
Your hound bites the gnoll but does no damage.
You hit the gnoll.
You kill the gnoll!
Okawaru accepts your kill. The gnoll hits you but does no damage.
Your hound bites the howler monkey.
Your crimson imp hits the gnoll but does no damage.
The gnoll hits you from afar with a spear of piercing.
The howler monkey barely misses you.
You hit the howler monkey.
The howler monkey is moderately wounded.
Your hound misses the howler monkey.
Your crimson imp closely misses the gnoll.
The howler monkey closely misses you. The gnoll barely misses you.
The gnoll hits you from afar with a spear of piercing.
Your hound barely misses the howler monkey.
Casting: Call Imp (safe; 3% risk of failure)
Confirm with . or Enter, or press ? or * to list all spells.
A beastly little devil appears in a puff of flame.
The howler monkey closely misses you.
Your crimson imp hits the gnoll.
The gnoll hits you but does no damage. The gnoll barely misses you.
Your hound closely misses the howler monkey.
The howler monkey barely misses you.
Your crimson imp barely misses the gnoll.
The gnoll hits you but does no damage.
Your hound closely misses the howler monkey.
The gnoll hits you from afar with a halberd!
You die...

...........
..........
##
..........
...
#.......
....
#...5..
..... ..gg#
......#hh##
.......@..#
.......#5.#
......#
...# .....#
..... #..##
##.### ##
##


You could see a howler monkey, 2 gnolls, a friendly hound and 2 friendly crimson
imps.

Vanquished Creatures
  2 orc priests (D:4)
  2 gnolls (D:5)
  An adder (D:3)
  2 oozes (D:2)
  2 worms
  4 leopard geckos
  5 orcs (D:4)
  5 bats
  A giant cockroach (D:1)
  9 goblins
  4 hobgoblins
  3 jackals
  A kobold (D:3)
  3 ball pythons
  A frilled lizard (D:3)
  A leopard gecko skeleton (D:4)
  3 rats
49 creatures vanquished.

Vanquished Creatures (collateral kills)
  An ogre (D:4)
  An orc priest (D:3)
  An orc wizard (D:4)
  An iguana (D:4)
  A hound skeleton (D:4)
  2 adders
  2 leopard geckos
  7 orcs
  3 bats
  2 giant cockroaches
  4 goblins
  6 hobgoblins
  3 jackals
  4 kobolds
  A quokka (D:4)
  A frilled lizard (D:1)
  2 rats
42 creatures vanquished.

Grand Total: 91 creatures vanquished

Notes
Turn   | Place    | Note
-------+----------+-------------------------------------------
     0 | D:1      | Mgcat the Gargoyle Summoner began the quest for the Orb.
     0 | D:1      | Reached XP level 1. HP: 10/10 MP: 3/3
   654 | D:1      | Reached XP level 2. HP: 16/16 MP: 1/5
   658 | D:1      | Learned a level 2 spell: Call Imp
   719 | D:1      | Reached skill level 1 in Fighting
  1390 | D:2      | Reached XP level 3. HP: 17/20 MP: 6/6
  1598 | D:2      | Noticed Sigmund
  1844 | D:2      | Reached skill level 4 in Summonings
  2376 | D:3      | Learned a level 3 spell: Call Canine Familiar
  2494 | D:3      | Reached skill level 2 in Fighting
  2498 | D:3      | Reached XP level 4. HP: 23/26 MP: 5/8
  3040 | D:3      | Reached skill level 3 in Spellcasting
  3459 | D:4      | Reached XP level 5. HP: 31/31 MP: 5/9
  3482 | D:4      | Learned a level 4 spell: Summon Ice Beast
  4154 | D:4      | HP: 7/32 [iguana (8)]
  4158 | D:4      | HP: 1/32 [iguana (6)]
  4163 | D:4      | HP: 1/32 [iguana (8)]
  4165 | D:4      | Reached skill level 3 in Fighting
  4165 | D:4      | Reached skill level 1 in Ice Magic
  4425 | D:4      | Found a sacrificial altar of Ru.
  4427 | D:4      | Found a radiant altar of Vehumet.
  4428 | D:4      | Found an iron altar of Okawaru.
  4438 | D:4      | Found a shimmering altar of Xom.
  4452 | D:4      | Became a worshipper of Warmaster Okawaru
  4467 | D:4      | Found a snail-covered altar of Cheibriados.
  4859 | D:4      | Noticed an ogre
  4870 | D:4      | Killed an ogre
  4870 | D:4      | Reached XP level 6. HP: 37/37 MP: 3/11
  5452 | D:5      | Entered Level 5 of the Dungeon
  5464 | D:5      | Slain by a gnoll

Vault maps used:
D:1:      dpeg_arrival_castle, minmay_misc_feat_secret_circle
D:2:      serial_bayou, serial_bayou_lagoon_b, serial_bayou_shore_b,
          serial_bayou_pond_a, serial_bayou_shore_a, kennysheep_generic_room_12,
          uniq_sigmund
D:3:      cheibrodos_greedy_goblins
D:4:      nicolae_overflow_quartered_altars, first_ration, cheibriados_altar_1
D:5:      cheibrodos_fertilizer, old_standard_altar, cheibrodos_ashenzari_chains

Skill      XL: |  1  2  3  4  5 |
---------------+----------------+-----
Fighting       | 1 2 3 |  3.4
Summonings     | 4 |  4.8
Spellcasting   | 3 |  3.5
Ice Magic      | 1 |  1.6
Dodging        | |  1.5
Stealth        | |  2.1

Action                   |  1- 3 |  4- 6 || total
-------------------------+-------+-------++-------
Melee: Whip              |    27 |       ||    27
       Unarmed           |     1 |       ||     1
       Spear             |    74 |   133 ||   207
 Cast: Summon Small Mamm |    43 |     1 ||    44
       Call Imp          |     3 |    25 ||    28
       Call Canine Famil |       |     7 ||     7
  Use: Potion            |       |     3 ||     3
       Scroll            |       |     1 ||     1
 Stab: Sleeping          |     3 |     3 ||     6
  Eat: Chunk             |     6 |     7 ||    13
       Ration            |       |     1 ||     1
Armor: Robe              |    37 |    45 ||    82
Dodge: Dodged            |    46 |    87 ||   133
Block: Buckler           |     7 |       ||     7

Table legend:
 A = Non-vault XP
 B = Vault XP
 C = Vault XP percentage of total XP
 D = Non-vault monster count
 E = Vault monster count
 F = Vault count percentage of total count
                 A         B        C        D         E       F
            +---------+---------+-------+---------+---------+-------
      Total |     409 |      14 |   3.3 |      80 |      11 |  12.1
            +---------+---------+-------+---------+---------+-------
        D:1 |      22 |       0 |   0.0 |      16 |       0 |   0.0
        D:2 |      37 |       2 |   5.1 |      14 |       1 |   6.7
        D:3 |      89 |      12 |  11.9 |      28 |      10 |  26.3
        D:4 |     242 |       0 |   0.0 |      20 |       0 |   0.0
        D:5 |      19 |       0 |   0.0 |       2 |       0 |   0.0
            +---------+---------+-------+---------+---------+-------

Vault maps used:
D:1:      dpeg_arrival_castle, minmay_misc_feat_secret_circle
D:2:      serial_bayou, serial_bayou_lagoon_b, serial_bayou_shore_b,
          serial_bayou_pond_a, serial_bayou_shore_a, kennysheep_generic_room_12,
          uniq_sigmund
D:3:      cheibrodos_greedy_goblins
D:4:      nicolae_overflow_quartered_altars, first_ration, cheibriados_altar_1
D:5:      cheibrodos_fertilizer, old_standard_altar, cheibrodos_ashenzari_chains

Table legend:
 A = Turns spent in this place as a percentage of turns spent in the entire game.
 B = Non-inter-level travel turns spent in this place as a percentage of non-inter-level travel turns spent in the entire game.
 C = Inter-level travel turns spent in this place as a percentage of turns spent in this place.
 D = Turns resting spent in this place as a percentage of non-inter-level travel turns spent in this place.
 E = Turns spent auto-exploring this place as a percentage of non-inter-level travel turns spent in this place.
 F = Non-inter-level travel turns spent in this place divided by the number of levels of this place that you've seen.
                   A       B       C       D       E      F
               +-------+-------+-------+-------+-------+----------------------
         Total | 100.0 | 100.0 |   4.4 |  12.9 |  71.2 | 1044.2
       Dungeon | 100.0 | 100.0 |   4.4 |  12.9 |  71.2 | 1044.2
               +-------+-------+-------+-------+-------+----------------------

Table legend:
 A = Kills in this place as a percentage of kills in entire the game.
 B = Kills by you in this place as a percentage of kills by you in the entire game.
 C = Kills by friends in this place as a percentage of kills by friends in the entire game.
 D = Other kills in this place as a percentage of other kills in the entire game.
 E = Experience gained in this place as a percentage of experience gained in the entire game.
 F = Experience gained in this place divided by the number of levels of this place that you have seen.
                   A       B       C       D       E      F
               +-------+-------+-------+-------+-------+----------------------
         Total | 100.0 | 100.0 | 100.0 |   N/A | 100.0 |  84.6
       Dungeon | 100.0 | 100.0 | 100.0 |   N/A | 100.0 |  84.6
               +-------+-------+-------+-------+-------+----------------------
